 Dungeon Crawl Stone Soup version 0.31-a0-276-ge00219d475 (webtiles) character file.

Game seed: 41705149138348703

26603 AIAndy the Grappler (level 12, -4/115 HPs)
             Began as a Troll Shapeshifter on July 15, 2023.
             Was an Initiate of Gozag.
             Killed from afar by a frost giant (33 damage)
             ... with a bolt of cold
             ... in an ice cave.
             The game lasted 00:29:43 (8526 turns).

AIAndy the Grappler (Troll Shapeshifter)            Turns: 8526, Time: 00:29:45

Health: -4/115     AC: 21    Str: 30    XL:     12   Next: 99%
Magic:  11/11      EV: 10    Int:  4    God:    Gozag
Gold:   2780       SH:  0    Dex: 10    Spells: 11/11 levels left

rFire   + +          .
                       - Unarmed
rCold   x . .        (no shield)
rNeg    . . .        m - +1 fire dragon scales
rPois   .            (helmet currently unavailable)
rElec   .            (cloak currently unavailable)
rCorr   .            (gloves unavailable)
SInv    .            (boots unavailable)
Will    .....        (no amulet) Stlth
                     O - +4 ring of protection
HPRegen 1.19/turn    o - +4 ring of protection
MPRegen 0.12/turn

%: no passive effects
@: mighty, beast-form, gold aura
A: beast (slay +7), large, unfitting armour, claws 3, regeneration 1, shaggy fur
1, tough skin 1
a: Begin Untransformation, Renounce Religion, Potion Petition, Call Merchant,
Bribe Branch


You were in an ice cave.
You worshipped Gozag.
Gozag was most pleased with you.
You were a hulking beast.
You visited 1 branch of the dungeon, and saw 11 of its levels.
You also visited: Sewer and Ice Cave.

You collected 2821 gold pieces.
You paid 41 gold pieces to Gozag.


Innate Abilities, Weirdness & Mutations

You are a hulking beast.
Your limbs bulge with bestial killing power. (Slay +7)
You are too large for most types of armour.
You have claws for hands.
Your natural rate of healing is unusually fast.
You are covered in fur. (AC +1)
You have tough skin. (AC +1)


   Skills:
 + Level 6.3 Fighting
 + Level 6.0 Armour
 + Level 6.3 Dodging
 + Level 14.3 Unarmed Combat
 - Level 11.3 Shapeshifting


You had 11 spell levels left.
You didn't know any spells.
Your spell library contained the following spells:

 Spells                   Type           Power      Damage    Failure   Level
 Shock                    Conj/Air       0%         1d3       78%         1
 Sting                    Tmut/Pois      0%         1d3       78%         1
 Lesser Beckoning         Tloc           0%         N/A       89%         2
 Poisonous Vapours        Pois/Air       0%         N/A       89%         2
 Sublimation of Blood     Necr           0%         N/A       89%         2
 Wereblood                Tmut           0%         N/A       89%         2
 Gell's Gravitas          Tloc           0%         N/A       98%         3
 Swiftness                Air            0%         N/A       98%         3
 Teleport Other           Tloc           0%         N/A       98%         3
 Tukima's Dance           Hex            0%         N/A       98%         3
 Airstrike                Air            0%         2d(0-16)  100%        4
 Olgreb's Toxic Radiance  Pois           0%         N/A       100%        4
 Passage of Golubria      Tloc           0%         N/A       100%        4
 Summon Ice Beast         Ice/Summ       0%         N/A       100%        4
 Summon Mana Viper        Hex/Summ       0%         N/A       100%        5
 Yara's Violent Unravell  Hex/Tmut       0%         3d3       100%        5
 Monstrous Menagerie      Summ           0%         N/A       100%        7
 Summon Hydra             Summ           0%         N/A       100%        7

Inventory:

Missiles
 i - 3 curare-tipped darts {=f}
 k - 26 poisoned darts (quivered)
Armour
 m - +1 fire dragon scales (worn)
 B - the +1 robe "Enkoij" {rN+++}
   (You found it on level 3 of the Dungeon)

   rN:        It renders you almost immune to negative energy.
 D - a +0 cloak
Jewellery
 o - a +4 ring of protection (right claw)
 v - a ring of see invisible
 N - a ring of positive energy
 O - a +4 ring of protection (left claw)
Talismans
 c - a beast talisman
Wands
 E - a wand of iceblast (4)
 G - a wand of flame (3)
Scrolls
 e - a scroll of immolation {!r}
 g - a scroll of amnesia
 j - 3 scrolls of torment {!r}
 q - a scroll of enchant armour
 r - a scroll of noise {unknown}
 s - 2 scrolls of fear {unknown}
 t - 2 scrolls of revelation
 u - a scroll of brand weapon {unknown}
 w - 2 scrolls of teleportation {@r4}
 x - 3 scrolls of poison {unknown}
 y - 2 scrolls of silence {!r}
 A - a scroll of vulnerability {unknown}
 F - a scroll of fog {unknown}
Potions
 a - a potion of ambrosia
 b - 2 potions of lignification {!q}
 d - a potion of mutation {!q}
 f - a potion of cancellation
 h - a potion of might
 l - 5 potions of attraction {!q}
 n - 4 potions of curing {@q1}
 z - a potion of brilliance
 C - a potion of magic
 H - a potion of heal wounds {unknown}

Dungeon Overview and Level Annotations

Branches:
Dungeon (11/15)            Temple (0/1) D:5            Lair (0/5) D:8
    Orc (0/2) D:11          Sewer (visited)           IceCv (1/1)

Altars:
Elyvilon
Gozag
Okawaru
Uskayaw
Yredelemnul
The Shining One

Shops:
D:8

: ##### ###### #Yh.####
####.....
#YYC#....####.....#..
....Yk####...#....######
....Yh ###....### .....
###### #.... ##..


$$$$ #.. $$ You could see a frost giant, a death yak, a polar bear (unaware), 4
yaks and a rime drake.


Message History

The yak barely misses you.
The frost giant hits you with a +2 battleaxe of freezing!!!
The frost giant freezes you!
You mangle the frost giant!!
The frost giant is heavily wounded.
You barely miss the frost giant.
The frost giant is heavily wounded.
The yak closely misses you.
The yak is distracted by your dazzling golden aura.
The frost giant hits you with a +2 battleaxe of freezing!!
* * * LOW HITPOINT WARNING * * *
The frost giant freezes you.
* * * LOW HITPOINT WARNING * * *
The yak bellows!
You feel very mighty all of a sudden. The yak gores you.
* * * LOW HITPOINT WARNING * * *
The frost giant hits you with a +2 battleaxe of freezing.
* * * LOW HITPOINT WARNING * * *
The frost giant freezes you.
* * * LOW HITPOINT WARNING * * *
You mangle the frost giant!!
The frost giant is severely wounded.
The yak gores you.
* * * LOW HITPOINT WARNING * * *
The polar bear is distracted by your dazzling golden aura.
The frost giant casts a spell at you. The bolt of cold hits you!!
You feel a terrible chill!
You die...
Your body crumbles into a pile of gold.

Skill      XL: |  1  2  3  4  5  6  7  8  9 10 11 12 |
---------------+-------------------------------------+-----
Unarmed Combat | 3 4 5 6 11 12 13 14 | 14.3
Shapeshifting  | 4 5 6 10 11 | 11.3
Fighting       | 3 4 6 |  6.3
Armour         | 3 4 6 |  6.0
Dodging        | 3 4 6 |  6.3

Action                     |  1- 3 |  4- 6 |  7- 9 | 10-12 || total
---------------------------+-------+-------+-------+-------++-------
  Melee: Unarmed           |    76 |    79 |   156 |   453 ||   764
         Punch             |       |     5 |    11 |    28 ||    44
  Throw: Dart              |       |       |       |    12 ||    12
  Evoke: Wand              |       |       |       |    20 ||    20
    Use: Scroll            |       |     4 |     9 |     7 ||    20
         Potion            |       |       |     2 |     2 ||     4
   Stab: Sleeping          |     1 |       |       |       ||     1
         Distracted        |       |       |     1 |     1 ||     2
 Armour: Animal skin       |    25 |     3 |       |       ||    28
         Fire dragon scale |       |    47 |    62 |   229 ||   338
  Dodge: Dodged            |    27 |    35 |    59 |   152 ||   273

Levels and vault maps discovered:
D:1:      dpeg_arrival_shelter, layout_basic
D:2:      layout_loops_ring, hex_tiny, corexii_item_surrounded_by_moat
D:3:      layout_loops_cross, grunt_gozag_breadcrumbs,
          hellmonk_ecumenical_altar_pennies_from_heaven, minmay_curled_crystal,
          minmay_hedge_maze, uniq_sigmund
D:4:      layout_cave_pods, dreamdust_gnoll_farm
D:5:      layout_basic, nicolae_overflow_crystal_walls,
          minmay_temple_entry_proselytizer, cheibrodos_sewer_entry_sluice
D:6:      layout_rooms
D:7:      layout_basic, lemuel_tele_altar, mainiacjoe_overflow_catch_the_wave
D:8:      layout_rooms, dpeg_oklobed_lair, serial_shops,
          nicolae_shop_window_shopping, grunt_decor_resistance
D:9:      layout_small_grid, yredelemnul_forgotten_temple_becter,
          grunt_ministairs_4, uniq_joseph
D:10:     cheibrodos_elevator_heist, layout_loops_cross
D:11:     layout_stronghold, david_orc_3, serial_column_ruins,
          column_ruins_pillar_2, column_ruins_pillar_1, column_ruins_pillar_3,
          column_ruins_pillar_1, column_ruins_pillar_6, column_ruins_pillar_7,
          column_ruins_pillar_1, column_ruins_pillar_2, column_ruins_pillar_2,
          column_ruins_pillar_2, column_ruins_pillar_7, column_ruins_pillar_6,
          column_ruins_pillar_5, column_ruins_pillar_2,
          portal_ice_cave_entry_animals_and_master
IceCv:    ice_cave_small_giant

Notes
Turn   | Place    | Note
-------+----------+-------------------------------------------
     0 | D:1      | AIAndy the Troll Shapeshifter began the quest for the Orb.
     0 | D:1      | Reached XP level 1. HP: 19/19 MP: 0/0
   133 | D:1      | Reached XP level 2. HP: 27/27 MP: 1/1
   525 | D:2      | Reached XP level 3. HP: 33/33 MP: 2/2
   675 | D:2      | Reached skill level 3 in Unarmed Combat
   973 | D:2      | Reached XP level 4. HP: 41/41 MP: 3/3
  1515 | D:3      | Found a faded altar of an unknown god.
  1703 | D:3      | Noticed Sigmund
  1707 | D:3      | Killed Sigmund
  1708 | D:3      | Reached skill level 4 in Unarmed Combat
  1708 | D:3      | Reached skill level 4 in Shapeshifting
  1708 | D:3      | Reached XP level 5. HP: 48/48 MP: 4/4
  1782 | D:3      | Found an opulent altar of Gozag.
  1787 | D:3      | Identified the +1 robe "Enkoij" {rN+++}
  1852 | D:3      | Became a worshipper of Gozag Ym Sagoz the Greedy
  1905 | D:4      | Noticed a black bear
  1915 | D:4      | Killed a black bear
  1916 | D:4      | Reached XP level 6. HP: 45/55 MP: 5/5
  2013 | D:4      | Reached skill level 5 in Unarmed Combat
  2013 | D:4      | Reached skill level 5 in Shapeshifting
  2172 | D:4      | Reached XP level 7. HP: 55/62 MP: 6/6
  2284 | D:4      | Reached skill level 6 in Unarmed Combat
  2454 | D:4      | Noticed a wyvern
  2461 | D:4      | Killed a wyvern
  2916 | D:5      | Entered Level 5 of the Dungeon
  2916 | D:5      | Found a hide-covered altar of Uskayaw.
  2945 | D:5      | Reached skill level 6 in Shapeshifting
  3111 | D:5      | Reached XP level 8. HP: 67/70 MP: 7/7
  3115 | D:5      | Reached skill level 7 in Unarmed Combat
  3138 | D:5      | Found a glowing drain.
  3162 | Sewer    | Entered a sewer
  3478 | Sewer    | Reached skill level 7 in Shapeshifting
  3564 | Sewer    | Reached skill level 8 in Unarmed Combat
  3787 | D:5      | Identified 2 potions of experience
  3789 | D:5      | Reached skill level 11 in Unarmed Combat
  3789 | D:5      | Reached skill level 10 in Shapeshifting
  3789 | D:5      | Reached XP level 9. HP: 76/76 MP: 8/8
  3790 | D:5      | Reached skill level 3 in Fighting
  3790 | D:5      | Reached skill level 3 in Armour
  3790 | D:5      | Reached skill level 3 in Dodging
  3790 | D:5      | Reached skill level 12 in Unarmed Combat
  3790 | D:5      | Reached XP level 10. HP: 91/91 MP: 9/9
  3892 | D:5      | Found a staircase to the Ecumenical Temple.
  4724 | D:7      | Found a white marble altar of Elyvilon.
  4809 | D:7      | Found a glowing golden altar of the Shining One.
  4870 | D:7      | Found an iron altar of Okawaru.
  4955 | D:7      | Reached XP level 11. HP: 97/97 MP: 10/10
  5276 | D:7      | Reached skill level 11 in Shapeshifting
  5448 | D:8      | Found a staircase to the Lair.
  5463 | D:8      | Found Zamumil's Book Shop.
  5518 | D:8      | Noticed a two-headed ogre
  5522 | D:8      | Killed a two-headed ogre
  5869 | D:8      | Reached skill level 13 in Unarmed Combat
  5936 | D:9      | Noticed a two-headed ogre
  5940 | D:9      | Killed a two-headed ogre
  6094 | D:9      | Reached skill level 4 in Dodging
  6098 | D:9      | Noticed Joseph
  6108 | D:9      | Killed Joseph
  6109 | D:9      | Reached skill level 4 in Fighting
  6304 | D:9      | Found a basalt altar of Yredelemnul.
  6811 | D:10     | Entered Level 10 of the Dungeon
  6820 | D:10     | Reached skill level 4 in Armour
  6893 | D:10     | Noticed a two-headed ogre
  6900 | D:10     | Killed a two-headed ogre
  6969 | D:10     | Noticed a two-headed ogre
  6982 | D:10     | Killed a two-headed ogre
  7086 | D:10     | Reached XP level 12. HP: 96/109 MP: 11/11
  7343 | D:10     | Noticed a boulder beetle
  7348 | D:10     | Noticed a two-headed ogre
  7348 | D:10     | Noticed a catoblepas
  7365 | D:10     | Reached skill level 5 in Fighting
  7365 | D:10     | Reached skill level 5 in Dodging
  7370 | D:10     | Killed a two-headed ogre
  7373 | D:10     | Killed a catoblepas
  7426 | D:10     | Killed a boulder beetle
  7427 | D:10     | Reached skill level 5 in Armour
  7656 | D:11     | Found a frozen archway.
  7657 | D:11     | Noticed an ice dragon
  7678 | D:11     | Killed an ice dragon
  7714 | IceCv    | Entered an ice cave
  7754 | IceCv    | Reached skill level 14 in Unarmed Combat
  7758 | IceCv    | Noticed a death yak
  7779 | IceCv    | Killed a death yak
  7855 | IceCv    | Noticed a death yak
  7855 | IceCv    | Noticed a death yak
  7860 | IceCv    | Killed a death yak
  7861 | IceCv    | Reached skill level 6 in Fighting
  7861 | IceCv    | Reached skill level 6 in Dodging
  7868 | IceCv    | Killed a death yak
  8502 | IceCv    | Reached skill level 6 in Armour
  8513 | IceCv    | Noticed a frost giant
  8513 | IceCv    | Noticed a death yak
  8526 | IceCv    | Killed from afar by a frost giant

Vanquished Creatures
  An ice dragon (D:11)
  A catoblepas (D:10)
  5 two-headed ogres
  A boulder beetle (D:10)
  3 death yaks (IceCv)
  2 manticores (D:10)
  Joseph (D:9)
  An ice statue (IceCv)
  3 kobold demonologists (D:10)
  8 rime drakes (IceCv)
  2 trolls (D:9)
  7 polar bears
  2 shadows (D:9)
  Sigmund (D:3)
  2 wyverns
  15 yaks
  A vampire (D:10)
  3 water moccasins
  An acid dragon (D:9)
  2 sky beasts
  4 orc warriors
  2 ice beasts
  3 black bears
  3 ogres
  2 phantoms
  10 wolves
  5 centaurs
  4 bullfrogs
  7 kobold brigands
  2 scorpions (D:5)
  8 wights (D:8)
  20 killer bees
  3 hounds
  7 orc priests
  4 sleepcaps
  4 iguanas
  11 orc wizards
  5 river rats (Sewer)
  11 adders
  3 gnolls (D:4)
  2 white imps (D:7)
  4 worms
  6 dart slugs
  43 orcs
  4 bats
  4 endoplasms
  7 giant cockroaches
  A goblin (D:4)
  8 hobgoblins
  14 kobolds
  5 quokkas
  7 ball pythons
  8 frilled lizards
  5 rats
  A spectral orc (D:9)
299 creatures vanquished.

Vanquished Creatures (others)
  A vampire (D:10)
1 creature vanquished.

Grand Total: 300 creatures vanquished

Table legend: (Time is in decaauts)
 A = Elapsed time spent in this place.
 B = Non-inter-level travel time spent in this place.
 C = Inter-level travel time spent in this place.
 D = Time resting spent in this place.
 E = Time spent auto-exploring this place.
 F = Levels seen in this place.
 G = Mean time per level.
                   A        B        C        D        E       F      G
               +--------+--------+--------+--------+--------+-----+--------+
         Total |   8394 |   8082 |    312 |    233 |   5914 |  13 |  645.7 |
       Dungeon |   6994 |   6682 |    312 |      5 |   5110 |  11 |  635.8 |
         Sewer |    617 |    617 |      0 |      0 |    440 |   1 |  617.0 |
      Ice Cave |    782 |    782 |      0 |    228 |    364 |   1 |  782.0 |
               +--------+--------+--------+--------+--------+-----+--------+

Top non-repeatable levels by time:
     D:4: 1003 daAuts
     D:9: 868 daAuts
     D:3: 787 daAuts
   IceCv: 782 daAuts
     D:5: 721 daAuts
    D:10: 688 daAuts
     D:7: 642 daAuts
   Sewer: 617 daAuts
     D:2: 609 daAuts
     D:8: 554 daAuts
     D:1: 499 daAuts
     D:6: 432 daAuts
    D:11: 187 daAuts

Table legend:
 A = Non-vault XP
 B = Vault XP
 C = Vault XP percentage of total XP
 D = Non-vault monster count
 E = Vault monster count
 F = Vault count percentage of total count
                 A         B        C        D         E       F
            +---------+---------+-------+---------+---------+-------
      Total |   13364 |   17991 |  57.4 |     214 |      86 |  28.7
            +---------+---------+-------+---------+---------+-------
        D:1 |      38 |       0 |   0.0 |      20 |       0 |   0.0
        D:2 |      61 |       0 |   0.0 |      19 |       0 |   0.0
        D:3 |      32 |     210 |  86.8 |      12 |       1 |   7.7
        D:4 |     703 |     123 |  14.9 |      18 |       5 |  21.7
        D:5 |    1062 |      45 |   4.1 |      28 |       3 |   9.7
        D:6 |     627 |       0 |   0.0 |      13 |       0 |   0.0
        D:7 |    1929 |       0 |   0.0 |      38 |       0 |   0.0
        D:8 |    2090 |       0 |   0.0 |      24 |       0 |   0.0
        D:9 |    3247 |    1909 |  37.0 |      24 |       6 |  20.0
       D:10 |    3534 |    3707 |  51.2 |      15 |       6 |  28.6
       D:11 |      41 |    2478 |  98.4 |       3 |       8 |  72.7
      Sewer |       0 |     635 | 100.0 |       0 |      28 | 100.0
      IceCv |       0 |    8884 | 100.0 |       0 |      29 | 100.0
            +---------+---------+-------+---------+---------+-------
